 Dungeon Crawl Stone Soup version 0.28.0-45-g0d030f2227 (webtiles) character file.

Game seed: 2354940148632803247

75 jimonade the Sneak (level 4, 0/33 HPs)
             Began as a Djinni Brigand on Apr 6, 2022.
             Slain by a gnoll
             ... wielding a +0 flail
              (3 damage)
             ... on level 2 of the Dungeon.
             The game lasted 00:05:16 (2637 turns).

jimonade the Sneak (Djinni Brigand)                 Turns: 2637, Time: 00:05:17

Health: 0/33       AC:  3    Str: 12    XL:     4   Next: 55%
Gold:   80         EV: 12    Int: 13    God:
                   SH:  0    Dex: 14

rFire   + + .      SeeInvis .   a - +2 dagger
rCold   x . .      Faith    .   (no shield)
rNeg    . . .      Spirit   .   b - +0 robe
rPois   ∞          Reflect  .   (no helmet)
rElec   .          Harm     .   c - +0 cloak
rCorr   .          Rampage  .   (no gloves)
Will    .....                   (boots unavailable)
Stlth   +++.......              (no amulet)
HPRegen 0.11/turn               (no ring)
MPRegen 0.00/turn               (no ring)

@: flying
A: sickness immunity, fire resistance 2, cold vulnerability 1, float, innate
caster, HP casting, extra vitality 1
a: no special abilities


You were on level 2 of the Dungeon.
You visited 1 branch of the dungeon, and saw 2 of its levels.

You collected 80 gold pieces.

Inventory:

Hand Weapons
 a - a +2 dagger (weapon)
 l - a +0 spear
Missiles
 d - 4 poisoned darts (quivered)
 e - 2 curare-tipped darts
 f - 102 stones
 k - 6 javelins
Armour
 b - a +0 robe (worn)
 c - a +0 cloak (worn)
 m - a +0 scale mail
Scrolls
 h - a scroll of identify {unknown}
 i - 2 scrolls of teleportation {unknown}
Potions
 g - 2 potions of curing {unknown}
 j - a potion of flight {unknown}


   Skills:
 * Level 2.2 Fighting
 + Level 2.3 Short Blades
 * Level 1.7 Throwing
 * Level 0.2 Armour
 + Level 1.4 Dodging
 * Level 4.1 Stealth
 * Level 0.5 Spellcasting


You had 3 spell levels left.
You knew the following spells:

 Your Spells              Type           Power      Damage    Failure   Level
a - Slow                  Hex            4%         N/A       24%         1
Your spell library was empty.

Dungeon Overview and Level Annotations

Branches:
Dungeon (2/15)

Altars:


Innate Abilities, Weirdness & Mutations

You are immune to sickness and miasma.
You are immune to poison.
Your flesh is very heat resistant. (rF++)
You are vulnerable to cold. (rC-)
You float through the air rather than walking.
You learn spells naturally, not from books.
Your magical power is your life essence.
You have superior vitality. (+4 MHP)


Message History

You throw a poisoned dart. The poisoned dart hits the gnoll.
The gnoll is poisoned.
The gnoll drinks a potion.
The gnoll seems to speed up.
The gnoll hits you with a +0 flail.
You completely miss the gnoll.
The gnoll is lightly wounded.
The gnoll misses you. The gnoll hits you with a +0 flail.
You closely miss the gnoll.
The gnoll is lightly wounded.
The gnoll hits you with a +0 flail!
You hit the gnoll.
The gnoll is heavily wounded.
The gnoll looks more healthy.
The gnoll misses you.
You completely miss the gnoll.
The gnoll is heavily wounded.
The gnoll hits you with a +0 flail. The gnoll barely misses you.
You hit the gnoll.
The gnoll is severely wounded.
The gnoll hits you with a +0 flail!
* * * LOW HITPOINT WARNING * * *
You hit the gnoll.
The gnoll is severely wounded.
The gnoll barely misses you. The gnoll closely misses you.
You are too injured to fight recklessly!
Unknown command.
You are too injured to fight recklessly!
Unknown command.
Throw: 6 darts (poison)
Press: ? - help, Q - select action, (/) - cycle Shift-Dir - straight line, f/p - gnoll
Aim: a gnoll, wielding a +0 flail (severely wounded, fast, 63% to hit)
You throw a poisoned dart. The poisoned dart hits the gnoll.
The gnoll is severely wounded.
The gnoll closely misses you.
Throw: 5 darts (poison)
Press: ? - help, Q - select action, (/) - cycle Shift-Dir - straight line, f/p - gnoll
Aim: a gnoll, wielding a +0 flail (severely wounded, fast, 63% to hit)
You throw a poisoned dart.
The poisoned dart closely misses the gnoll.
The gnoll hits you with a +0 flail.
You die...

#........................#.#.#
#............(.......#.#.#.#.#
#....................#.#.#....
#.)..................#.#####..
#......<...........#.#........
####..................+.#.######.
..........g....(......##########.
........g..#####g#..........##...
.......g...# #@#.###########.#.
...........# #...######## #.#.
...........# ######.....# #.#.
>..........# #.....# #.#.
...........# #.....####'#'
.....####### #............ .....#
#............ .....#
#............ .....#
#............


You could see a gnoll (fast).

Vanquished Creatures
  2 gnolls (D:2)
  An adder (D:2)
  A worm (D:2)
  4 dart slugs (D:1)
  3 endoplasms
  A giant cockroach (D:2)
  2 goblins
  6 hobgoblins
  3 kobolds (D:2)
  A quokka (D:1)
  5 ball pythons
  5 bats
  A frilled lizard (D:1)
  2 rats (D:1)
37 creatures vanquished.

Vanquished Creatures (others)
  4 plants (D:2)
4 creatures vanquished.

Grand Total: 41 creatures vanquished

Notes
Turn   | Place    | Note
-------+----------+-------------------------------------------
     0 | D:1      | jimonade the Djinni Brigand began the quest for the Orb.
     0 | D:1      | Reached XP level 1. HP: 18/18 MP: 0/0
   622 | D:1      | Reached XP level 2. HP: 11/23 MP: 0/0
  1041 | D:1      | Found a faded altar of an unknown god.
  1302 | D:1      | Reached XP level 3. HP: 25/28 MP: 0/0
  1302 | D:1      | Learned a level 1 spell: Slow
  1556 | D:2      | Reached skill level 4 in Stealth
  2056 | D:2      | Reached XP level 4. HP: 33/33 MP: 0/0
  2637 | D:2      | Slain by a gnoll

Illustrated notes

Levels and vault maps discovered:
D:1:      minmay_arrival_up_and_down, layout_rooms,
          shapermc_ecumenical_altar_pompeii, serial_rivers,
          chequers_serial_rivers_micro_a, chequers_serial_rivers_micro_e,
          chequers_serial_rivers_micro_d, chequers_serial_rivers_small_3,
          chequers_serial_rivers_large_b, chequers_serial_rivers_small_a
D:2:      layout_basic, nicolae_grassy_gnolls

Skill      XL: |  1  2  3 |
---------------+----------+-----
Short Blades   | 2 |  2.3
Stealth        | 4 |  4.1
Fighting       | |  2.2
Throwing       | |  1.7
Armour         | |  0.2
Dodging        | |  1.4
Spellcasting   | |  0.5

Action                   |  1- 3 |  4- 6 || total
-------------------------+-------+-------++-------
Melee: Dagger            |    92 |    27 ||   119
       Punch             |       |     1 ||     1
Throw: Dart              |     3 |     3 ||     6
 Stab: Sleeping          |     5 |     3 ||     8
Armor: Robe              |    15 |     5 ||    20
Dodge: Dodged            |    54 |    20 ||    74
